 Dungeon Crawl Stone Soup version 0.30.1-11-g7821555f0a (webtiles) character file.

Game seed: 12856256286993513880

752 Skitler the Chopper (level 7, -8/94 HPs)
             Began as a Minotaur Berserker on Jan 9, 2024.
             Was a Priest of Trog.
             Mangled by a gargoyle
             ... wielding a +0 dire flail
              (22 damage)
             ... on level 6 of the Dungeon.
             The game lasted 00:06:48 (4042 turns).

Skitler the Chopper (Minotaur Berserker)            Turns: 4042, Time: 00:06:49

Health: -8/94      AC:  9    Str: 30    XL:     7   Next: 49%
Magic:  6/6        EV: 11    Int:  4    God:    Trog [***...]
Gold:   127        SH:  0    Dex:  9    Spells: 6/6 levels left

rFire   . . .        F - +0 hand axe (freeze)
rCold   . . .        (no shield)
rNeg    . . .        y - +2 ring mail {Will+}
rPois   +            (helmet restricted)
rElec   .            (no cloak)
rCorr   .            k - +0 pair of gloves
SInv    .            (no boots)
Will    +....        h - amulet of the acrobat Stlth
                     e - ring of poison resistance
HPRegen 0.35/turn    D - +6 ring of strength
MPRegen 0.10/turn

%: acrobat
@: berserking, very quick
A: horns 2, retaliatory headbutt
a: Renounce Religion, Berserk, Trog's Hand


You were on level 6 of the Dungeon.
You worshipped Trog.
Trog was most pleased with you.
You visited 1 branch of the dungeon, and saw 6 of its levels.

You collected 337 gold pieces.
You spent 210 gold pieces at shops.

Inventory:

Hand Weapons
 a - a +0 hand axe
 u - the +1 flail "Dragon's Nightmare" {protect, rN+ Will++ Dex+3}
   (You found it on level 4 of the Dungeon)

   Dex:       It affects your dexterity (+3).
   rN:        It protects you from negative energy.
   Will:      It greatly increases your willpower.
 F - a +0 hand axe of freezing (weapon)
Armour
 b - a +0 animal skin
 k - a +0 pair of gloves (worn)
 p - a +0 ring mail
 r - a +2 scale mail of cold resistance
 s - a +0 kite shield
 y - a +2 ring mail of willpower (worn)
Jewellery
 e - a ring of poison resistance (left hand)
 h - an amulet of the acrobat (around neck)
 B - a ring of see invisible
 D - a +6 ring of strength (right hand)
Wands
 q - a wand of charming (9)
Scrolls
 c - 5 scrolls of identify {unknown}
 g - a scroll of noise {unknown}
 j - a scroll of blinking {unknown}
 l - 2 scrolls of teleportation {unknown}
 n - 3 scrolls of torment {unknown}
 t - a scroll of fear {unknown}
 z - a scroll of poison {unknown}
 C - 2 scrolls of magic mapping {unknown}
 G - a scroll of immolation {unknown}
Potions
 d - a potion of might {unknown}
 f - 3 potions of curing {unknown}
 i - 3 potions of magic {unknown}
 m - a potion of ambrosia {unknown}
 o - a potion of haste {unknown}
 v - 2 potions of lignification {unknown}
 w - 2 potions of heal wounds {unknown}
 A - a potion of brilliance {unknown}
 E - a potion of resistance {unknown}


   Skills:
 + Level 6.0 Fighting
 + Level 7.7 Axes
 + Level 4.8 Armour
 + Level 3.4 Dodging
 + Level 0.9 Stealth


You had 6 spell levels left.
You didn't know any spells.
Your spell library was empty.

Dungeon Overview and Level Annotations

Branches:
Dungeon (6/15)
 Temple: D:4-7

Altars:
Hepliaklqana
Qazlal

Shops:
D:4 [


Innate Abilities, Weirdness & Mutations

You have a pair of horns on your head.
You reflexively headbutt those who attack you in melee.


Message History

The gargoyle hits you with a +0 dire flail!!
You closely miss the gargoyle.
The gargoyle hits you with a +0 dire flail!
You hit the gargoyle but do no damage.
The gargoyle hurls a stone arrow at you.
The stone arrow hits you!
You are too injured to fight recklessly!
You are too injured to fight recklessly!
You are too injured to fight recklessly!
You are too injured to fight recklessly!
You are too injured to fight recklessly!
You are too injured to fight recklessly!
You are too injured to fight recklessly!
You are too injured to fight recklessly!
You are too injured to fight recklessly!
You are too injured to fight recklessly!
You are too injured to fight recklessly!
You are too injured to fight recklessly!
You are too injured to fight recklessly!
You are too injured to fight recklessly!
You are too injured to fight recklessly!
You are too injured to fight recklessly!
Throw: 2 throwing nets
Press: ? - help, Q - select action, (/) - cycle Shift-Dir - straight line, f - gargoyle
Aim: a gargoyle, wielding a +0 dire flail (73% to hit)
You throw a throwing net.
The throwing net barely misses the gargoyle.
The gargoyle hits you with a +0 dire flail!
* * * LOW HITPOINT WARNING * * *
Throw: throwing net
Press: ? - help, Q - select action, (/) - cycle Shift-Dir - straight line, f/p - gargoyle
Aim: a gargoyle, wielding a +0 dire flail (73% to hit)
You throw a throwing net.
The throwing net barely misses the gargoyle.
The gargoyle hurls a stone arrow at you.
The stone arrow misses you.
A red film seems to cover your vision as you go berserk!
You feel yourself moving faster!
You feel mighty!
The gargoyle hits you with a +0 dire flail!!
You die...

#..............###########
#.........####.# ######
............##.##.....##
#..(......#..#.#.......#
##......................
##.....###.............
####### ###....>......
#..........> ###.@.......
##9......# #.........
#......... #.........
#......... #.....?...
##(......# ##.....##


You could see a gargoyle.

Vanquished Creatures
  Edmund (D:6)
  A phantom (D:6)
  A scorpion (D:5)
  2 hounds (D:5)
  A jelly (D:6)
  4 orc priests
  An orc wizard (D:5)
  2 iguanas
  4 gnolls (D:6)
  9 adders
  An ufetubus (D:5)
  3 worms (D:3)
  2 dart slugs
  14 orcs
  5 ball pythons
  6 bats
  3 endoplasms
  2 giant cockroaches (D:1)
  7 goblins
  3 hobgoblins
  8 jackals
  2 quokkas
  4 frilled lizards
  8 kobolds
  5 rats
99 creatures vanquished.

Notes
Turn   | Place    | Note
-------+----------+-------------------------------------------
     0 | D:1      | Skitler the Minotaur Berserker began the quest for the Orb.
     0 | D:1      | Reached XP level 1. HP: 19/19 MP: 0/0
   185 | D:1      | Reached XP level 2. HP: 27/27 MP: 1/1
   209 | D:1      | Found a faded altar of an unknown god.
   403 | D:1      | Reached skill level 4 in Axes
   708 | D:2      | Reached XP level 3. HP: 28/33 MP: 2/2
  1019 | D:2      | Reached ** piety under Trog
  1336 | D:3      | Reached XP level 4. HP: 40/41 MP: 3/3
  1511 | D:3      | Reached skill level 5 in Axes
  1534 | D:3      | Reached skill level 5 in Fighting
  1665 | D:3      | Reached XP level 5. HP: 43/48 MP: 4/4
  2027 | D:4      | Identified the +1 flail "Dragon's Nightmare" {protect, rN+
                  | Will++ Dex+3}
  2066 | D:4      | Found Gacimeec's Armour Shop.
  2260 | D:4      | Bought a +2 ring mail of willpower for 210 gold pieces
  2477 | D:4      | Found a stormy altar of Qazlal.
  2493 | D:4      | Found a hazy altar of Hepliaklqana.
  2636 | D:5      | Entered Level 5 of the Dungeon
  2753 | D:5      | Reached skill level 6 in Axes
  2839 | D:5      | Reached XP level 6. HP: 46/56 MP: 5/5
  2909 | D:5      | Reached *** piety under Trog
  3436 | D:6      | Noticed Edmund
  3448 | D:5      | Reached skill level 7 in Axes
  3600 | D:6      | Reached XP level 7. HP: 62/62 MP: 6/6
  3602 | D:6      | Killed Edmund
  4031 | D:6      | Noticed a gargoyle
  4042 | D:6      | Mangled by a gargoyle

Illustrated notes

Levels and vault maps discovered:
D:1:      nzn_arrival_crosshair, layout_basic,
          ebering_ecumenical_altar_petrified
D:2:      layout_basic
D:3:      layout_loops_ring
D:4:      layout_basic, mainiacjoe_overflow_swirl, serial_shops, shop
D:5:      layout_basic
D:6:      layout_rooms, temple_hall, uniq_edmund

Skill      XL: |  1  2  3  4  5  6  7 |
---------------+----------------------+-----
Fighting       | 4 5 6 |  6.0
Axes           | 4 5 6 7 |  7.7
Armour         | 3 4 |  4.8
Dodging        | 3 |  3.4
Stealth        | |  0.9

Action                     |  1- 3 |  4- 6 |  7- 9 || total
---------------------------+-------+-------+-------++-------
  Melee: Hand axe          |    76 |   137 |    31 ||   244
         Headbutt          |     8 |    22 |     4 ||    34
         Punch             |     1 |       |       ||     1
  Throw: Throwing net      |       |       |     2 ||     2
 Invoke: Berserk           |       |     1 |     1 ||     2
 Armour: Animal skin       |    14 |       |       ||    14
         Ring mail         |     3 |    48 |     8 ||    59
         Scale mail        |       |     9 |       ||     9
  Dodge: Dodged            |    58 |    81 |    18 ||   157
